 Dungeon Sprint DCSS version 0.27.1-3-gb3d3a73c9e (webtiles) character file.

Game seed: 6214444242872720452

7900000 raph the Axe Maniac (level 27, -22/249 (273) HPs)
             Began as a Minotaur Warper on Oct 9, 2021.
             Was the Champion of Makhleb.
             Killed from afar by a wretched soul (64 damage)
             ... with a bolt of negative energy
             ... in the Dungeon (Sprint VIII: "Arena of Blood").
             The game lasted 00:04:51 (79 turns).

raph the Axe Maniac (Minotaur Warper)                 Turns: 79, Time: 00:04:51

HP:   -22/249 (273) AC:  6    Str: 17    XL:     27
MP:   14/53         EV: 34    Int: 10    God:    Makhleb [******]
Gold: 0             SH:  0    Dex: 22    Spells: 80/80 levels left

rFire    . . .     SeeInvis .   j - +∞ Axe of Woe
rCold    . . .     Faith    .   (shield currently unavailable)
rNeg     . . .     Spirit   .   b - +0 leather armour
rPois    .         Reflect  .   (helmet restricted)
rElec    .         Harm     .   (no cloak)
rCorr    .         Rampage  .   (no gloves)
Will     ++...     NoTele   +   (no boots)
Stlth    ++++++++++             (no amulet)
HPRegen  0.51/turn              n - +250 ring of slaying
MPRegen  0.33/turn              m - +200 ring of slaying

@: hasted and slowed, drained
A: horns 2, retaliatory headbutt
a: Renounce Religion, Minor Destruction, Lesser Servant of Makhleb, Major
Destruction, Greater Servant of Makhleb


You were in the Dungeon.
You worshipped Makhleb.
Makhleb was exalted by your worship.
You visited 1 branch

Inventory:

Hand Weapons
 a - a +0 hand axe
 j - the +∞ Axe of Woe (weapon)
   (You found it in the Dungeon)
Missiles
 d - 3 boomerangs of dispersal (quivered)
Armour
 b - a +0 leather armour (worn)
Jewellery
 g - a +200 ring of slaying
 k - a +30 ring of slaying
 l - a +30 ring of slaying
 m - a +200 ring of slaying (right hand)
 n - a +250 ring of slaying (left hand)
Scrolls
 c - a scroll of blinking
Potions
 e - a potion of curing
 f - a potion of heal wounds
 h - 2 potions of magic
 i - a potion of berserk rage


   Skills:
 O Level 27 Fighting
 O Level 27 Short Blades
 O Level 27 Long Blades
 O Level 27 Axes
 O Level 27 Maces & Flails
 O Level 27 Polearms
 O Level 27 Staves
 O Level 27 Slings
 O Level 27 Bows
 O Level 27 Crossbows
 O Level 27 Throwing
 O Level 27 Armour
 O Level 27 Dodging
 O Level 27 Stealth
 O Level 27 Shields
 O Level 27 Unarmed Combat
 O Level 27 Spellcasting
 + Level 23.0 Conjurations
 + Level 21.5 Hexes
 + Level 23.1 Summonings
 + Level 23.0 Necromancy
 O Level 27 Translocations
 + Level 24.7 Transmutations
 + Level 23.0 Fire Magic
 + Level 23.1 Ice Magic
 + Level 23.1 Air Magic
 + Level 24.8 Earth Magic
 + Level 23.0 Poison Magic
 O Level 27 Invocations
 O Level 27 Evocations


You had 80 spell levels left.
You didn't know any spells.
Your spell library contained the following spells:

 Spells                   Type           Power      Damage    Failure   Level
 Blink                    Tloc           N/A        N/A       0%          2
 Gell's Gravitas          Tloc           30%        N/A       0%          3
 Lesser Beckoning         Tloc           30%        N/A       0%          3
 Teleport Other           Tloc           61%        N/A       0%          3
 Manifold Assault         Tloc           61%        N/A       0%          5


Dungeon Overview and Level Annotations

Branches:
Dungeon (1/1)

Altars:
Makhleb


Innate Abilities, Weirdness & Mutations

You have a pair of horns on your head.
You reflexively headbutt those who attack you in melee.


Message History

Makhleb accepts your kill.
You feel better.
You hear a shout! x5
The eight-headed meat hydra calls on the powers of darkness!
The eight-headed meat hydra convulses!
The bag of meat convulses!
The meat berserker convulses!
Your body is wracked with pain!
The eight-headed meat hydra convulses!
The bag of meat convulses!
The eight-headed meat hydra convulses!
You hear a shout!
Your Conjurations skill increases to level 23!
Your Summonings skill increases to level 23!
Your Necromancy skill increases to level 23!
Your Fire Magic skill increases to level 23!
Your Ice Magic skill increases to level 23!
Your Air Magic skill increases to level 23!
Your Poison Magic skill increases to level 23!
You dice the meat berserker like an onion!!!!!
You dissect the meat berserker like a pig carcass.
You kill the meat berserker!
Makhleb accepts your kill.
You feel better.
You hear a shout! x4
The dread throws damnation at you.
The sphere of damnation explodes!
The damnation engulfs you!!! The damnation engulfs your green death!
You hear a shout!
Your green death hits the tentacled monstrosity!
A meat berserker comes into view. It is wielding a +9 battleaxe.
The tentacled monstrosity tentacle-slaps your green death!
Your green death dies!
The eight-headed meat hydra calls on the powers of darkness!
The eight-headed meat hydra convulses! x2; The bag of meat convulses!
Your body is wracked with pain!
* * * LOW HITPOINT WARNING * * *
The bag of meat convulses!
The eight-headed meat hydra convulses!
The meat berserker convulses!
A bolt of negative energy appears from out of thin air!
Deactivating autopickup; reactivate with Ctrl-A.
The bolt of negative energy hits you!!!
You feel drained.
You die...

...... ...... #...
#............#... #...
#.... ....#z..O..###...
#.... .o.o...........#
#....# ......#........
#....W ...#.....°§#..
#=.... ###X......☼)§#_.
#.....##)X))#...O☼°§#..
#@X)X).o.#...)))))
#).X.))D.........#
..D....M.)....###...
.................#D..
#....o....{........#...
#........D#............
#........#.#.#.........
#..O......#.#..........
#.. # #......


You could see an accursed, 2 tentacled monstrosities, 3 eight-headed meat
hydras, 3 large abominations, a dread, a meat berserker (berserk) and 2 bags of
meat.

Vanquished Creatures
  3 hell beasts (D)
  2 royal mummies (D)
  4 vampire knights (D)
  21 ogres (D)
  3 two-headed ogres (D)
  A lich (D)
  41 orcs (D)
  4 skeletal warriors (D)
79 creatures vanquished.

Notes
Turn   | Place    | Note
-------+----------+-------------------------------------------
     0 | D        | Found the +∞ Axe of Woe
     0 | D        | raph the Minotaur Warper began the quest for the Orb.
     0 | D        | Reached XP level 1. HP: 18/18 MP: 1/1
     1 | D        | Noticed a meat berserker
     1 | D        | Noticed a bag of meat
     2 | D        | Noticed a meat berserker
     2 | D        | Noticed a bag of meat
     4 | D        | Became a worshipper of Makhleb the Destroyer
     4 | D        | Noticed a meat berserker
     4 | D        | Noticed a bag of meat
     5 | D        | Killed a meat berserker
     6 | D        | Reached skill level 10 in Translocations
     6 | D        | Reached XP level 2. HP: 47/47 MP: 1/11
     6 | D        | Reached XP level 3. HP: 53/53 MP: 1/12
     6 | D        | Reached XP level 4. HP: 61/61 MP: 1/14
     6 | D        | Reached XP level 5. HP: 68/68 MP: 1/15
     6 | D        | Reached XP level 6. HP: 75/75 MP: 1/17
     6 | D        | Reached XP level 7. HP: 82/82 MP: 1/18
     6 | D        | Reached XP level 8. HP: 90/90 MP: 1/20
     6 | D        | Reached XP level 9. HP: 96/96 MP: 1/21
     6 | D        | Reached XP level 10. HP: 104/104 MP: 1/22
     6 | D        | Reached XP level 11. HP: 111/111 MP: 1/23
     6 | D        | Reached XP level 12. HP: 118/118 MP: 1/24
     6 | D        | Reached XP level 13. HP: 125/125 MP: 1/25
     6 | D        | Killed a meat berserker
     6 | D        | Reached * piety under Makhleb
     7 | D        | Reached skill level 15 in Dodging
     7 | D        | Reached skill level 10 in Spellcasting
     7 | D        | Reached XP level 14. HP: 138/138 MP: 1/27
     7 | D        | Noticed a bag of meat
     8 | D        | Killed a bag of meat
     9 | D        | Reached skill level 15 in Throwing
     9 | D        | Killed a meat berserker
     9 | D        | Killed a bag of meat
     9 | D        | Reached ** piety under Makhleb
     9 | D        | Noticed a bag of meat
    10 | D        | Reached XP level 15. HP: 155/155 MP: 1/30
    12 | D        | Reached skill level 27 in Axes
    12 | D        | Reached XP level 16. HP: 165/165 MP: 2/32
    17 | D        | Noticed a meat berserker
    17 | D        | Noticed a meat berserker
    18 | D        | Killed a meat berserker
    18 | D        | Reached *** piety under Makhleb
    18 | D        | Noticed a destroyer
    19 | D        | Reached skill level 15 in Spellcasting
    19 | D        | Reached XP level 17. HP: 180/180 MP: 3/35
    20 | D        | Noticed a destroyer
    20 | D        | Noticed a meat berserker
    21 | D        | Reached **** piety under Makhleb
    21 | D        | Noticed a large bag of meat
    21 | D        | Noticed a meat berserker
    22 | D        | Reached XP level 18. HP: 194/194 MP: 3/37
    22 | D        | Killed a destroyer
    22 | D        | Killed a meat berserker
    23 | D        | Reached skill level 27 in Fighting
    23 | D        | Reached skill level 27 in Armour
    23 | D        | Reached XP level 19. HP: 207/207 MP: 4/40
    23 | D        | Reached ***** piety under Makhleb
    24 | D        | Reached skill level 27 in Dodging
    25 | D        | Killed a meat berserker
    26 | D        | Reached skill level 27 in Throwing
    26 | D        | Noticed a meat berserker
    27 | D        | Noticed a large bag of meat
    27 | D        | Killed a destroyer
    28 | D        | Reached XP level 20. HP: 216/216 MP: 5/48
    28 | D        | Killed a meat berserker
    28 | D        | Noticed an eight-headed meat hydra
    28 | D        | Noticed a large bag of meat
    29 | D        | Reached skill level 27 in Spellcasting
    29 | D        | Reached skill level 27 in Translocations
    29 | D        | Reached skill level 5 in Unarmed Combat
    29 | D        | Reached XP level 21. HP: 224/224 MP: 5/51
    29 | D        | Killed a large bag of meat
    29 | D        | Reached ****** piety under Makhleb
    33 | D        | Noticed a large bag of meat
    33 | D        | Noticed a destroyer
    35 | D        | Noticed a destroyer
    36 | D        | Killed a large bag of meat
    36 | D        | Killed a large bag of meat
    37 | D        | Reached skill level 27 in Unarmed Combat
    37 | D        | Reached skill level 27 in Invocations
    37 | D        | Reached skill level 27 in Stealth
    37 | D        | Reached XP level 22. HP: 163/233 MP: 7/52
    37 | D        | Reached XP level 23. HP: 168/240 MP: 7/53
    38 | D        | Reached skill level 5 in Long Blades
    38 | D        | Reached skill level 5 in Maces & Flails
    38 | D        | Reached skill level 5 in Polearms
    38 | D        | Reached skill level 5 in Staves
    38 | D        | Reached skill level 5 in Slings
    38 | D        | Reached skill level 5 in Bows
    38 | D        | Reached skill level 5 in Shields
    39 | D        | Reached skill level 5 in Conjurations
    39 | D        | Reached skill level 5 in Summonings
    39 | D        | Reached skill level 5 in Necromancy
    39 | D        | Reached skill level 5 in Transmutations
    39 | D        | Reached skill level 5 in Fire Magic
    39 | D        | Reached skill level 5 in Ice Magic
    39 | D        | Reached skill level 5 in Air Magic
    39 | D        | Reached skill level 5 in Earth Magic
    39 | D        | Reached skill level 5 in Poison Magic
    40 | D        | Reached skill level 10 in Long Blades
    40 | D        | Reached skill level 10 in Maces & Flails
    40 | D        | Reached skill level 10 in Polearms
    40 | D        | Reached skill level 10 in Staves
    40 | D        | Reached skill level 10 in Slings
    40 | D        | Reached skill level 10 in Bows
    40 | D        | Reached skill level 10 in Shields
    40 | D        | Reached XP level 24. HP: 241/249 MP: 7/53
    41 | D        | Reached skill level 10 in Short Blades
    42 | D        | Reached skill level 15 in Evocations
    43 | D        | Reached skill level 10 in Conjurations
    43 | D        | Reached skill level 10 in Summonings
    43 | D        | Reached skill level 10 in Necromancy
    43 | D        | Reached skill level 10 in Transmutations
    43 | D        | Reached skill level 10 in Fire Magic
    43 | D        | Reached skill level 10 in Ice Magic
    43 | D        | Reached skill level 10 in Earth Magic
    43 | D        | Reached XP level 25. HP: 246/257 MP: 8/53
    44 | D        | Reached skill level 15 in Long Blades
    44 | D        | Reached skill level 15 in Maces & Flails
    44 | D        | Reached skill level 15 in Polearms
    44 | D        | Reached skill level 15 in Staves
    44 | D        | Reached skill level 15 in Shields
    44 | D        | Reached skill level 10 in Air Magic
    44 | D        | Reached skill level 10 in Poison Magic
    45 | D        | Reached skill level 15 in Short Blades
    45 | D        | Reached skill level 15 in Slings
    45 | D        | Reached skill level 15 in Bows
    45 | D        | Reached skill level 15 in Crossbows
    45 | D        | Reached skill level 10 in Hexes
    48 | D        | Reached XP level 26. HP: 260/266 MP: 9/53
    49 | D        | Noticed a tyrant
    50 | D        | Noticed an accursed
    53 | D        | Killed a destroyer
    53 | D        | Noticed a tyrant
    54 | D        | Reached skill level 15 in Transmutations
    54 | D        | Reached skill level 15 in Earth Magic
    54 | D        | Reached XP level 27. HP: 261/273 MP: 10/53
    57 | D        | Reached skill level 15 in Conjurations
    57 | D        | Reached skill level 15 in Ice Magic
    57 | D        | Reached skill level 15 in Air Magic
    58 | D        | Reached skill level 15 in Summonings
    58 | D        | Reached skill level 15 in Necromancy
    58 | D        | Reached skill level 15 in Fire Magic
    58 | D        | Reached skill level 15 in Poison Magic
    58 | D        | Killed a destroyer
    59 | D        | Reached skill level 15 in Hexes
    61 | D        | Noticed an accursed
    62 | D        | Noticed a meat beast
    65 | D        | Noticed a meat beast
    66 | D        | Killed a tyrant
    66 | D        | Noticed an accursed
    68 | D        | Noticed a meat beast
    69 | D        | Killed a meat beast
    70 | D        | Reached skill level 27 in Evocations
    70 | D        | Killed a meat beast
    71 | D        | Reached skill level 27 in Long Blades
    71 | D        | Reached skill level 27 in Maces & Flails
    71 | D        | Reached skill level 27 in Polearms
    71 | D        | Reached skill level 27 in Staves
    71 | D        | Reached skill level 27 in Shields
    72 | D        | Noticed a dread
    74 | D        | Noticed an accursed
    75 | D        | Killed an accursed
    75 | D        | Killed an accursed
    76 | D        | Reached skill level 27 in Short Blades
    76 | D        | Reached skill level 27 in Slings
    76 | D        | Reached skill level 27 in Bows
    76 | D        | Reached skill level 27 in Crossbows
    77 | D        | Killed a meat beast
    79 | D        | Killed from afar by a wretched soul

Illustrated notes

Levels and vault maps discovered:
D:        meatsprint

Skill      XL: |  1  2  3  4  5  6  7  8  9 10 11 12 13 14 15 16 17 18 19 20 21 22 23 24 25 26 27 |
---------------+----------------------------------------------------------------------------------+-----
Fighting       | 14 16 19 20 23 25 27 | 27.0
Axes           | 19 22 26 27 | 27.0
Throwing       | 12 14 17 20 22 24 27 | 27.0
Armour         | 14 16 19 20 23 25 27 | 27.0
Dodging        | 13 15 18 19 21 23 26 27 | 27.0
Spellcasting   | 9 10 12 13 15 16 18 25 27 | 27.0
Translocations | 10 11 13 14 16 18 20 26 27 | 27.0
Unarmed Combat | 5 27 | 27.0
Invocations    | 4 27 | 27.0
Stealth        | 27 | 27.0
Short Blades   | 9 13 16 19 27 | 27.0
Long Blades    | 10 14 18 20 27 | 27.0
Maces & Flails | 10 14 18 20 27 | 27.0
Polearms       | 10 14 18 20 27 | 27.0
Staves         | 10 14 18 20 27 | 27.0
Slings         | 10 13 16 18 27 | 27.0
Bows           | 10 13 16 19 27 | 27.0
Crossbows      | 9 13 16 19 27 | 27.0
Shields        | 10 14 18 20 27 | 27.0
Conjurations   | 6 10 12 14 23 | 23.0
Hexes          | 6 9 11 13 21 | 21.5
Summonings     | 6 10 12 14 23 | 23.1
Necromancy     | 6 10 12 14 23 | 23.0
Transmutations | 7 10 13 15 24 | 24.7
Fire Magic     | 7 10 12 14 23 | 23.0
Ice Magic      | 7 10 12 14 23 | 23.1
Air Magic      | 6 9 12 14 23 | 23.1
Earth Magic    | 7 10 13 15 24 | 24.8
Poison Magic   | 6 9 12 14 23 | 23.0
Evocations     | 12 16 20 22 27 | 27.0

Action                   |  1- 3 |  4- 6 |  7- 9 | 10-12 | 13-15 | 16-18 | 19-21 | 22-24 | 25-27 || total
-------------------------+-------+-------+-------+-------+-------+-------+-------+-------+-------++-------
Melee: Executioner's axe |     1 |       |       |       |     4 |     5 |     7 |     6 |    20 ||    43
Throw: Boomerang         |       |       |       |       |       |       |       |       |     2 ||     2
Invok: Greater Servant o |       |       |       |       |       |       |       |       |     3 ||     3
  Use: Scroll            |       |       |       |       |       |       |     1 |       |       ||     1
       Potion            |       |       |       |       |       |       |     1 |       |       ||     1
Armor: Leather armour    |       |       |       |       |       |       |     1 |       |     1 ||     2
Dodge: Dodged            |       |       |       |       |       |       |     2 |       |     2 ||     4
